 Dungeon Crawl Stone Soup version 0.26-a0-651-gb41185065b (webtiles) character file.

Game seed: 2187715381609363450

(classic levelgen) 802 EnegeticOcto the Chopper (level 7, 0/66 HPs)
             Began as a Deep Dwarf Fighter on Oct 9, 2020.
             Engulfed by a cloud of flame (13 damage)
             ... on level 6 of the Dungeon.
             The game lasted 00:01:44 (2468 turns).

EnegeticOcto the Chopper (Deep Dwarf Fighter)       Turns: 2468, Time: 00:01:44

Health: 0/66       AC: 12    Str: 22    XL:     7   Next: 59%
Magic:  6/6        EV:  8    Int:  8    God:
Gold:   155        SH: 10    Dex: 12    Spells: 6/6 levels left

rFire    . . .     SeeInvis .   k - +0 war axe
rCold    . . .     Faith    .   c - +0 kite shield
rNeg     . . .     Spirit   .   q - +0 plate armour
rPois    .         Reflect  .   (no helmet)
rElec    .         Harm     .   (no cloak)
rCorr    .         Rampage  .   (no gloves)
MR       +....                  (no boots)
Stlth    ..........             (no amulet)
HPRegen  0.00/turn              h - +4 ring of evasion
MPRegen  0.10/turn              (no ring)

@: non-regenerating
A: damage resistance, heal wounds, sense surroundings 1, no regeneration
a: Heal Wounds


You were on level 6 of the Dungeon.
You visited 1 branch of the dungeon, and saw 6 of its levels.

You collected 155 gold pieces.

Inventory:

Hand Weapons
 k - a +0 war axe (weapon)
Armour
 c - a +0 kite shield (worn)
 q - a +0 plate armour (worn)
Jewellery
 h - a +4 ring of evasion (left hand)
Scrolls
 b - a scroll of identify {@r1}
 i - a scroll of remove curse {@r2}
Potions
 a - a potion of ambrosia
 d - a potion of might {@q3}
 l - 2 potions of heal wounds {@q2}
 m - a potion of degeneration
 n - 2 potions of haste {unknown}


   Skills:
 + Level 4.3 Fighting
 * Level 6.3 Axes
 + Level 5.3 Armour
 + Level 5.3 Shields


You had 6 spell levels left.
You didn't know any spells.
Your spell library was empty.

Dungeon Overview and Level Annotations

Branches:
Dungeon (6/15)
 Temple: D:4-7

Altars:
Nemelex Xobeh
Qazlal
Uskayaw
Xom


Innate Abilities, Weirdness & Mutations

You are resistant to damage.
You can heal yourself by infusing magical energy.
You passively map a small area around you.
You do not regenerate.


Message History

You barely miss the centaur.
The centaur is lightly wounded.
You miss the leopard gecko.
The centaur hits you but does no damage.
The leopard gecko bites you.
You slash the centaur!
The centaur is heavily wounded.
You barely miss the leopard gecko. The centaur hits you.
You block the leopard gecko's attack. You block the centaur's attack.
You hit the centaur but do no damage.
The centaur is heavily wounded.
You hit the leopard gecko.
The centaur hits you but does no damage.
You block the leopard gecko's attack. The centaur hits you!
The leopard gecko bites you but does no damage.
You slash the centaur!
You kill the centaur!
You hit the leopard gecko. You block the leopard gecko's attack.
You closely miss the leopard gecko.
The leopard gecko is severely wounded.
You block the leopard gecko's attack. The leopard gecko closely misses you.
You miss the leopard gecko.
The leopard gecko is severely wounded.
You block the leopard gecko's attack.
You miss the leopard gecko.
The leopard gecko is severely wounded.
The leopard gecko bites you but does no damage.
You block the leopard gecko's attack.
A leopard gecko is nearby!
A leopard gecko is nearby!
A leopard gecko is nearby!
A leopard gecko is nearby!
A leopard gecko is nearby!
You slash the leopard gecko!
You kill the leopard gecko!
No target in view!
No target in view!
No target in view!
Things that are here:
a +0 shortbow; 19 arrows; a centaur corpse
e - a scroll labeled BATHRA WEEDGH You open the door.
There is an open door here.
Done exploring.
Done exploring.
Done exploring.
No target in view!
No target in view!
No target in view!
No target in view!
No target in view!
No target in view!
No target in view!
No target in view!
Done exploring.
Done exploring.
Done exploring.
Done exploring.
Done exploring.
Done exploring.
Done exploring.
Okay, then.
(D) Dungeon
Where to? (Enter - D:5, ? - help)
There is a stone staircase leading down here.
You climb downwards.
You hear the sound of rushing water.
There is an entrance to a sewer on this level.
Hurry and find it before the portal rusts away!
An ufetubus comes into view.
The ufetubus shouts!
Found 11 gold pieces.
There is a stone staircase leading up here.
As you read the scroll labeled BATHRA WEEDGH, it crumbles to dust.
The creatures around you are filled with an inner flame!
It was a scroll of immolation.
You hit the ufetubus.
Flame seeps out of the ufetubus.
The ufetubus is lightly wounded.
The ufetubus is engulfed in blazing flames.
The ufetubus explodes!
The fiery explosion engulfs you!!
* * * LOW HITPOINT WARNING * * *
You hear a shout!
You are too injured to fight recklessly!
You are too injured to fight recklessly!
You are too injured to fight recklessly!
You are too injured to fight recklessly!
You are too injured to fight recklessly!
You are too injured to fight recklessly!
You are too injured to fight recklessly!
You are too injured to fight recklessly!
You are too injured to fight recklessly!
You are too injured to fight recklessly!
You are too injured to fight recklessly!
You are too injured to fight recklessly!
You are too injured to fight recklessly!
You are too injured to fight recklessly!
You are too injured to fight recklessly!
You are too injured to fight recklessly!
You are engulfed in blazing flames.
You die...

* , , .# .# .#
*.# * *.# , .#
#######§###### *
* #....<@°§.....
#....$..#.######
###.###.#.# #,
#.#.# * , #.#.#
* #.#.# * #.#.#
, #.#.# , * , *
*


There were no monsters in sight!

Vanquished Creatures
  An ogre (D:4)
  An ice beast (D:4)
  A centaur (D:5)
  A scorpion (D:5)
  A wight (D:4)
  A howler monkey (D:4)
  A hound (D:4)
  4 jellies (D:5)
  2 orc wizards
  A bullfrog skeleton (D:5)
  A worker ant (D:4)
  A hound zombie (D:5)
  A worker ant zombie (D:5)
  4 adders
  2 shadow imps (D:5)
  A white imp (D:5)
  An ufetubus (D:6)
  4 worms
  2 dart slugs
  2 leopard geckos
  9 orcs
  2 ball pythons
  5 bats
  A giant cockroach (D:3)
  4 hobgoblins
  4 jackals (D:1)
  A kobold (D:1)
  6 quokkas
  3 frilled lizards
  A quokka zombie (D:5)
  2 rats
71 creatures vanquished.

Notes
Turn   | Place    | Note
-------+----------+-------------------------------------------
     0 | D:1      | EnegeticOcto the Deep Dwarf Fighter began the quest for the
                  | Orb.
     0 | D:1      | Reached XP level 1. HP: 20/20 MP: 1/1
    33 | D:1      | Reached XP level 2. HP: 25/27 MP: 2/2
    48 | D:2      | Found a stormy altar of Qazlal.
    68 | D:2      | Reached skill level 3 in Axes
   114 | D:2      | Reached XP level 3. HP: 27/33 MP: 3/3
   264 | D:3      | Found a shimmering altar of Xom.
   328 | D:4      | Noticed an ice beast
   340 | D:4      | Killed an ice beast
   340 | D:4      | Reached skill level 4 in Axes
   340 | D:4      | Reached XP level 4. HP: 17/42 MP: 4/4
   340 | D:4      | Reached XP level 5. HP: 20/49 MP: 5/5
   479 | D:4      | Reached XP level 6. HP: 52/56 MP: 5/5
   732 | D:4      | Reached skill level 5 in Axes
   890 | D:4      | Found a sparkling altar of Nemelex Xobeh.
   987 | D:4      | Found a hide-covered altar of Uskayaw.
  1484 | D:5      | Entered Level 5 of the Dungeon
  1654 | D:5      | Reached XP level 7. HP: 35/63 MP: 6/6
  1681 | D:5      | Reached skill level 5 in Shields
  1726 | D:5      | Reached skill level 5 in Armour
  1966 | D:5      | Reached skill level 6 in Axes
  2468 | D:6      | Engulfed by a cloud of flame

Illustrated notes

Levels and vault maps discovered:
D:1:      minmay_arrival_three_doors, layout_rooms
D:2:      layout_loops_ring, old_standard_altar
D:3:      kennysheep_goblin_castle, layout_basic, xom_teletrap_fun,
          kennysheep_flooded_box, fedhas_ov_isle_minmay, uniq_ijyb
D:4:      minmay_chambers_of_fours, layout_layer_cave,
          nicolae_overflow_crystal_walls, nemelex_diamond_rough_becter
D:5:      kb_forest_paths, layout_basic
D:6:      layout_loops_ring, temple_doors_e, portal_sewer_entry_c, serial_shops,
          shop

Skill      XL: |  1  2  3  4  5  6  7 |
---------------+----------------------+-----
Axes           | 3 4 5 6 |  6.3
Fighting       | 3 4 |  4.3
Armour         | 4 5 |  5.3
Shields        | 4 5 |  5.3

Action                   |  1- 3 |  4- 6 |  7- 9 || total
-------------------------+-------+-------+-------++-------
Melee: War axe           |    75 |   115 |    60 ||   250
 Abil: Heal Wounds       |       |     4 |     2 ||     6
  Use: Scroll            |       |     8 |     1 ||     9
Armor: Scale mail        |    35 |    21 |       ||    56
       Plate armour      |       |    13 |    21 ||    34
Dodge: Dodged            |    33 |    31 |    10 ||    74
Block: Kite shield       |    46 |    57 |    40 ||   143

Table legend: (Time is in decaauts)
 A = Elapsed time spent in this place.
 B = Non-inter-level travel time spent in this place.
 C = Inter-level travel time spent in this place.
 D = Time resting spent in this place.
 E = Time spent auto-exploring this place.
 F = Levels seen in this place.
 G = Mean time per level.
                   A        B        C        D        E       F      G
               +--------+--------+--------+--------+--------+-----+--------+
         Total |   2553 |   2423 |    130 |      0 |   1846 |   6 |  425.5 |
       Dungeon |   2553 |   2423 |    130 |      0 |   1846 |   6 |  425.5 |
               +--------+--------+--------+--------+--------+-----+--------+

Top non-repeatable levels by time:
     D:4: 1236 daAuts
     D:5: 1004 daAuts
     D:3: 135 daAuts
     D:2: 118 daAuts
     D:1: 55 daAuts
     D:6: 4 daAuts
